 Dungeon Crawl Stone Soup version 0.18.1-5-g4a78601 (webtiles) character file.

368 MARSONE the Chopper (level 6, -9/56 HPs)
             Began as a Hill Orc Fighter on May 13, 2016.
             Was an Initiate of Cheibriados.
             Mangled by an ogre
             ... wielding a +0 giant club
              (20 damage)
             ... on level 4 of the Dungeon.
             The game lasted 00:22:43 (3573 turns).

MARSONE the Chopper (Hill Orc Fighter)              Turns: 3573, Time: 00:22:44

Health: -9/56      AC: 13    Str: 22    XL:     6   Next: 69%
Magic:  4/6        EV:  4    Int:  9    God:    Cheibriados [......]
Gold:   240        SH: 10    Dex: 11    Spells: 0 memorised, 5 levels left

rFire  . . .     SeeInvis .     a - +0 war axe
rCold  . . .     Gourm    .     r - +0 plate armour
rNeg   . . .     Faith    .     c - +0 shield
rPois  .         Spirit   .     (no helmet)
rElec  .         Dismiss  .     (no cloak)
rCorr  .         Reflect  .     (no gloves)
SustAt .         Harm     .     (no boots)
MR     .....                    (no amulet)
Stlth  ..........               A - +1 ring of slaying
                                v - +1 ring of protection

@: very slow, not resistant to hostile enchantments, extremely unstealthy
A: no striking features
a: Bend Time, Renounce Religion


You were on level 4 of the Dungeon.
You worshipped Cheibriados.
Cheibriados was noncommittal.
You were not hungry.

You visited 1 branch of the dungeon, and saw 4 of its levels.

You collected 240 gold pieces.

Inventory:

Hand Weapons
 a - a +0 war axe (weapon)
 l - a +0 shortbow
 H - a +0 shortbow
 J - a +2 halberd of protection
Missiles
 g - 18 bolts
 h - 37 poisoned needles
 k - 89 stones (quivered)
 o - 90 arrows
 E - 22 sling bullets
Armour
 b - a +0 scale mail
 c - a +0 shield (worn)
 r - a +0 plate armour (worn)
 D - a +0 chain mail
 I - a +0 pair of gloves
 K - a +0 ring mail
Jewellery
 v - a +1 ring of protection (left hand)
 A - a +1 ring of slaying (right hand)
Wands
 y - a wand of random effects (19/48)
Scrolls
 e - 5 scrolls of identify {unknown}
 j - 2 scrolls of enchant weapon {unknown}
 m - 3 scrolls of teleportation {unknown}
 t - a scroll of blinking {unknown}
 u - a scroll of remove curse {unknown}
 z - a scroll of fog {unknown}
 C - a scroll of enchant armour {unknown}
 F - a scroll of noise {unknown}
 G - a scroll of amnesia {unknown}
Potions
 d - a potion of might
 n - a potion of cancellation {unknown}
 p - a potion of mutation {unknown}
 w - a potion of curing {unknown}
 x - 2 potions of ambrosia {unknown}
 B - 2 potions of heal wounds {unknown}
Comestibles
 f - 3 bread rations
 i - 2 meat rations
 q - a beef jerky
 s - 2 slices of pizza


   Skills:
 + Level 5.1 Fighting
 + Level 5.3 Axes
 + Level 4.9 Armour
 + Level 4.8 Shields
 * Level 0.3 Invocations


You had 5 spell levels left.
You didn't know any spells.

Dungeon Overview and Level Annotations

Branches:
Dungeon (4/15)             Temple (0/1) D:4

Altars:
Ashenzari
Cheibriados
Elyvilon
Gozag
Kikubaaqudgha
Nemelex Xobeh
Pakellas
Ru
Trog
Xom


Message History

You hit the ogre.
The ogre is moderately wounded.
The ogre hits you with a giant club!
You hit the ogre.
The ogre is moderately wounded.
The ogre hits you with a giant club.
Your plate armour prevents you from hitting the ogre.
The ogre is moderately wounded.
You block the ogre's attack.
You slash the ogre!
The ogre is severely wounded.
You block the ogre's attack.
You hit the ogre.
The ogre is severely wounded.
The ogre hits you with a giant club!
* * * LOW HITPOINT WARNING * * *
You hit the ogre but do no damage.
The ogre is severely wounded.
The ogre hits you with a giant club!!
You die...

###...######≈≈......#
#.........#.##.####
#.........#.# .#
#.........#.# .#
#.........#.##.#
#..............#
#########.#.......#
#O##.###.## #.@[.# ..
#.##.# ## ####.# #.#
#..


You could see an ogre.

Vanquished Creatures
  2 centaurs
  An iguana (D:4)
  2 worker ants (D:4)
  3 gnolls (D:4)
  2 adders (D:3)
  An ooze (D:1)
  2 worms
  3 dart slugs
  A giant gecko (D:3)
  An orc (D:3)
  13 bats
  5 giant cockroaches
  9 hobgoblins
  6 jackals
  6 kobolds
  3 quokkas
  A ball python (D:2)
  4 giant newts
  5 goblins (D:1)
  A jackal skeleton (D:4)
  11 rats
  A butterfly (D:2)
83 creatures vanquished.

Notes
Turn   | Place    | Note
--------------------------------------------------------------
     0 | D:1      | MARSONE the Hill Orc Fighter began the quest for the Orb.
     0 | D:1      | Reached XP level 1. HP: 19/19 MP: 1/1
   245 | D:1      | Reached XP level 2. HP: 27/27 MP: 2/2
   485 | D:1      | Reached XP level 3. HP: 28/33 MP: 3/3
  1209 | D:2      | Found a sparkling altar of Nemelex Xobeh.
  1209 | D:2      | Found an opulent altar of Gozag.
  1349 | D:2      | Reached XP level 4. HP: 40/40 MP: 4/4
  1361 | D:2      | Found a shimmering altar of Xom.
  2548 | D:3      | Noticed a centaur
  2572 | D:3      | HP: 2/41 [centaur (3)]
  2573 | D:3      | Killed a centaur
  2573 | D:3      | Reached XP level 5. HP: 2/47 MP: 5/5
  2914 | D:4      | Noticed a centaur
  2921 | D:4      | Killed a centaur
  2921 | D:4      | Reached skill level 5 in Fighting
  2921 | D:4      | Reached XP level 6. HP: 56/56 MP: 6/6
  3086 | D:4      | Found an ancient bone altar of Kikubaaqudgha.
  3101 | D:4      | Reached skill level 5 in Axes
  3303 | D:4      | Found a snail-covered altar of Cheibriados.
  3324 | D:4      | Became a worshipper of Cheibriados the Contemplative
  3334 | D:4      | Found an oddly glowing altar of Pakellas.
  3347 | D:4      | Found a white marble altar of Elyvilon.
  3351 | D:4      | Found a shattered altar of Ashenzari.
  3351 | D:4      | Found a sacrificial altar of Ru.
  3496 | D:4      | Found a bloodstained altar of Trog.
  3547 | D:4      | Found a staircase to the Ecumenical Temple.
  3573 | D:4      | Mangled by an ogre

Skill      XL: |  1  2  3  4  5  6 |
---------------+-------------------+-----
Axes           | 3 4 5 |  5.3
Fighting       | 4 5 |  5.1
Armour         | 4 |  4.9
Shields        | 4 |  4.8
Invocations    | |  0.3

Action                   |  1- 3 |  4- 6 || total
-------------------------+-------+-------++-------
Melee: War axe           |   138 |   184 ||   322
Invok: Bend Time         |       |     1 ||     1
  Eat: Chunk             |     1 |     8 ||     9
Armor: Scale mail        |    21 |       ||    21
       Plate armour      |    82 |    96 ||   178
Dodge: Dodged            |    35 |    34 ||    69
Block: Shield            |    77 |    87 ||   164
